[Event "*** Titled Tuesday Blitz"]
[Site "Chess.com"]
[Date "2021.03.02"]
[Round "6"]
[White "Jungle_Jaguar"]
[Black "anon481216"]
[Result "0-1"]
[WhiteElo "2600"]
[BlackElo "2488"]
[TimeControl "180+1"]
[EndTime "11:08:29 PST"]
[Termination "anon481216 won by checkmate"]

1. e4 c5 2. Nf3 e6 3. d4 cxd4 4.
Nxd4 Nc6 5. Nc3 Qc7 6. Be3 a6 7.
Be2 Nf6 8. O-O Be7 9. Kh1 O-O 10. f4 d6 11. Qe1 Nxd4 12. Bxd4 b5 13. a3 Bb7 14.
Qg3 Bc6 15. Bd3 Rad8 16. Rae1 Qd7 17. Qh3 e5 18. fxe5 dxe5 19. Bxe5 Qxh3 20. gxh3 Rfe8 21. Kg2 Nd7 22. Bc7 Rc8 23. Bg3 Nc5 24. Nd5 Bf8 25.
Rf3 Nxe4 26. Bxe4 Rxe4 27. Rxe4 Bxd5 28. Re2 f5 29. c3 Kf7 30. Rd2 Be4 31. Be5 Ke6 32.
Bd4 g5 33. Kf2 Bxf3 34. Kxf3 Bd6 35. Be3 Be7 36. Re2 Kf7 37. Rd2 Rd8 38. Rxd8 Bxd8 39.
Bd4 Ke6 40. Be3 h5 41. Ke2 Kd5 42. Kd3 g4 43. hxg4 hxg4 44. Bf4 Bf6 45. b3 Be5 46. Bg3 f4 47. Bf2 f3 48. Bg1 Bf4 49. c4+ bxc4+ 50. bxc4+ Kc6 51. Ke4 Bd6 52. Bf2 Bc5 53. Bg3 f2 54.
Bxf2 Bxf2 55. Kf4 Kc5 56. Kxg4 Kxc4 57. h4 Kb3 58. h5 Kxa3 59. Kf3 Bd4 60. h6 a5 61. h7 Bh8 62. Ke4 Kb2 63. Kd3 a4 64.
Ke4 a3 65. Kf5 a2 66. Kg6 a1=Q 67. Kf7 Qa7+ 68. Kg8 Qg7# 0-1

[Event "*** Titled Tuesday Blitz"]
[Site "Chess.com"]
[Date "2021.03.02"]
[Round "6"]
[White "louis198"]
[Black "kekic76"]
[Result "1-0"]
[WhiteElo "2625"]
[BlackElo "2361"]
[TimeControl "180+1"]
[EndTime "11:08:30 PST"]
[Termination "louis198 won on time"]

1. d4 d6 2. c4 e5 3. e3 Nc6 4.
Nf3 Nf6 5. h3 Be7 6. Be2 O-O 7.
O-O Re8 8. Nc3 exd4 9. exd4 h6 10. Bf4 Bf5 11. d5 Nb8 12. Nd4 Bh7 13. Re1 a5 14. Bd3 Bxd3 15. Qxd3 Ra6 16. Nf5 Bf8 17. Qd2 Nbd7 18.
Rxe8 Qxe8 19. Re1 Qd8 20. Bxh6 gxh6 21. Nxh6+ Bxh6 22. Qxh6 Nh7 23. Re3 Kh8 24. Ne4 Qf8 25. Qh4 Ne5 26. Rg3 Ng6 27. Qh5 Ra8 28. Rf3 Qg7 29.
b3 Re8 30. Ng5 Rf8 31. Rf6 Nf4 32. Qxh7+ Qxh7 33. Nxh7 Kxh7 34. Rxf4 Kg6 35. Kf1 Re8 36. Rf3 Re4 37. Re3 Rd4 38. Ke2 Kf6 39. g3 c6 40.
dxc6 bxc6 41. Rd3 Re4+ 42. Kf3 Re6 43. h4 Kf5 44. Re3 Rf6 45. Re4 Kg6+ 46. Ke3 d5 47.
cxd5 cxd5 48. Re5 Rd6 49. Kd4 f6 50. Rxd5 Rc6 51. Rxa5 Rc2 52. Ke3 Rc3+ 53. Kf4 Rc2 54.
Kf3 Rc3+ 55. Kg4 Rc2 56. h5+ Kh6 57. f4 Rb2 58. Ra6 1-0

[Event "*** Titled Tuesday Blitz"]
[Site "Chess.com"]
[Date "2021.03.02"]
[Round "6"]
[White "zimmm36"]
[Black "Gerodot71"]
[Result "1-0"]
[WhiteElo "2336"]
[BlackElo "2541"]
[TimeControl "180+1"]
[EndTime "11:08:31 PST"]
[Termination "zimmm36 won by resignation"]

1. d4 Nf6 2. c4 e6 3. g3 d5 4. Nf3 Be7 5. Bg2 O-O 6. O-O dxc4 7.
Qc2 a6 8. a4 Nc6 9. Rd1 Nb4 10.
Qxc4 b5 11. Qb3 Bb7 12. Nc3 bxa4 13. Rxa4 a5 14. Bf4 Bc6 15. Raa1 Nbd5 16. Bd2 Nb6 17. Qc2 a4 18. e4 Qb8 19. Ne5 Be8 20. Bf4 Qb7 21.
h3 Rb8 22. Nd3 Bc6 23. Ne5 Be8 24. g4 Nfd7 25. Nd3 Rc8 26. Nb5 c5 27. e5 Qb8 28.
Nd6 Bxd6 29. exd6 cxd4 30. Qe2 f6 31. Qxe6+ Bf7 32. Qf5 Rc5 33. Nxc5 Rd8 34. Ne6 Re8 35. Nc7 Rd8 36. Nd5 Nc4 37. Ne7+ Kh8 38. Bd5 Bxd5 39. Qxd5 Nce5 40. Bxe5 Nxe5 41. Nf5 g6 42. Nxd4 Rxd6 43. Qe4 Qxb2 44. Qb1 Qxb1 45. Raxb1 Rxd4 46. Rxd4 Nf3+ 47. Kg2 Nxd4 48. Rb4 Ne6 49. Rxa4 Kg7 50. Ra7+ Kg8 51. Kg3 g5 52. Re7 Nf8 53. Ra7 Ng6 54. Kf3 h5 55. gxh5 Nh4+ 56. Kg4 Kh8 57. f4 Ng2 58. fxg5 Ne3+ 59. Kf4 Nd5+ 60. Kf5 fxg5 61. Kxg5 Nb6 62. Kg6 Nc8 63. Ra8 1-0

[Event "*** Titled Tuesday Blitz"]
[Site "Chess.com"]
[Date "2021.03.02"]
[Round "6"]
[White "MarcoRiehle"]
[Black "NiranjanNavalgund"]
[Result "0-1"]
[WhiteElo "2656"]
[BlackElo "2443"]
[TimeControl "180+1"]
[EndTime "11:08:33 PST"]
[Termination "NiranjanNavalgund won by resignation"]

1. e4 e5 2. Nf3 Nc6 3. Bc4 Nf6 4.
d4 exd4 5. O-O Nxe4 6. Nc3 Nxc3 7. bxc3 d5 8. Bd3 Be7 9. cxd4 O-O 10. Re1 Bg4 11.
c3 Bf6 12. Bf4 Qd7 13. Re3 Rfe8 14. Qc2 Rxe3 15. fxe3 h6 16. Rf1 Re8 17. h3 Be6 18.
Kh1 Bd8 19. Ne5 Nxe5 20. Bxe5 b6 21. Qf2 f6 22. Bf4 c5 23. Qg3 g5 24. h4 Qg7 25.
hxg5 hxg5 26. Bd6 c4 27. Bc2 Kf7 28. Kg1 Rh8 29. e4 Qg6 30. exd5 Qxc2 31. dxe6+ Kxe6 32. Bb4 Kf7 33. Qd6 Qe4 34. Qg3 Kg6 35. Re1 Qc2 36. Qd6 a5 37. Ba3 Qxc3 38. Kf2 Qd2+ 39. Re2 Qf4+ 40. Qxf4 gxf4 41. Bd6 Kf5 42. Kf3 Rh1 43.
Rf2 Rd1 44. Bxf4 Rxd4 45. Be3 Rd3 46. Ke2+ Ke4 47. Rf4+ Ke5 48. Rxc4 b5 49. Rc8 Rd5 50. Kf3 f5 51. g3 b4 52. Rb8 Ke6 53. Rb7 Be7 54. Ra7 a4 55. Rxa4 Rd3 56. Ra6+ Kf7 57. Ra5 Ra3 58. Rxf5+ Ke6 59. Ke4 Rxe3+ 60. Kxe3 Kxf5 61.
Kf3 Kg5 62. Ke4 Kg4 63. Kd5 Kxg3 64. Kc4 Kf3 65. Kb3 Ke3 66. Kb2 Kd3 67. Kb1 Kc3 68.
Kc1 Bf6 69. Kb1 Kd2 70. a4 bxa3 71. Ka2 Bb2 72. Kb1 Kc3 73. Ka2 Kb4 74. Kb1 Bd4 75. Ka2 Ka4 0-1

[Event "*** Titled Tuesday Blitz"]
[Site "Chess.com"]
[Date "2021.03.02"]
[Round "6"]
[White "Agoking701"]
[Black "zajka-molotok"]
[Result "1/2-1/2"]
[WhiteElo "2250"]
[BlackElo "2473"]
[TimeControl "180+1"]
[EndTime "11:08:33 PST"]
[Termination "Game drawn by stalemate"]

1. e4 c6 2. d4 d5 3. Nd2 dxe4 4. Nxe4 Bf5 5. Ng3 Bg6 6. Nh3 e6 7. Nf4 Nf6 8. c3 Nbd7 9. h4 Bd6 10. h5 Bf5 11. Nxf5 exf5 12. Bd3 Qe7+ 13. Qe2 Qxe2+ 14.
Kxe2 Bxf4 15. Bxf4 g6 16. hxg6 fxg6 17. Rae1 O-O-O 18. Kd2 Rde8 19. f3 Rxe1 20. Rxe1 Re8 21. Rh1 Re7 22. Bg5 Re8 23. a4 h5 24. b4 Nh7 25. Bf4 Nhf8 26. Bd6 Re6 27. Bf4 Re8 28. Bd6 Nf6 29. Be5 N8d7 30. Bf4 Nd5 31. Bg5 a6 32. b5 axb5 33. axb5 Kc7 34. bxc6 bxc6 35. Ra1 Kd6 36. Bc4 N7b6 37. Bb3 Nd7 38. Ra6 Rb8 39.
Kc2 Rb6 40. Ra8 c5 41. Rg8 cxd4 42. Rxg6+ Ke5 43. cxd4+ Kxd4 44. Rxb6 N7xb6 45. Bh6 Ne3+ 46. Bxe3+ Kxe3 47. Kd1 Kf2 48. f4 Kxg2 49. Be6 Kg3 50. Bxf5 Kxf4 51. Be6 Kg3 52. Ke2 Na8 53. Kf1 Nc7 54.
Bc8 Ne8 55. Kg1 Nf6 56. Bf5 Ng4 57. Kh1 Ne5 58. Be6 h4 59. Kg1 Nf3+ 60. Kh1 Ng5 61. Bd7 Ne4 62. Kg1 Nf2 63. Bc8 Nd1 64. Kh1 Ne3 65. Kg1 Ng4 66. Bxg4 Kxg4 67. Kh1 h3 68. Kg1 Kg3 69. Kh1 h2 1/2-1/2

[Event "*** Titled Tuesday Blitz"]
[Site "Chess.com"]
[Date "2021.03.02"]
[Round "6"]
[White "Kildepiotr"]
[Black "MaxLeto"]
[Result "1-0"]
[WhiteElo "2586"]
[BlackElo "2425"]
[TimeControl "180+1"]
[EndTime "11:08:36 PST"]
[Termination "Kildepiotr won by resignation"]

1. Nf3 d5 2. g3 c6 3. Bg2 Nf6 4. O-O Bf5 5. d3 e6 6. Nbd2 Be7 7. Qe1 h6 8. e4 Bh7 9. Qe2 O-O 10. b3 a5 11. a4 Na6 12. Bb2 Nb4 13. Ne1 b5 14. e5 Nd7 15. c3 Na6 16. axb5 cxb5 17. d4 Qb6 18. Nd3 Rfc8 19. Rfc1 Ra7 20. g4 Rac7 21. f4 Nab8 22. f5 Bg5 23. Rf1 Nc6 24. Nf3 Bd8 25.
Nf4 Ne7 26. fxe6 fxe6 27. g5 b4 28. gxh6 bxc3 29. Ba3 Nf5 30. Qf2 g5 31. Ne2 c2 32.
Rac1 Qxb3 33. Bd6 Rc6 34. Ng3 Qe3 35. Nxf5 Qxf2+ 36. Rxf2 Bxf5 37. Ne1 Kh7 38. Bxd5 Rc3 39. Rxf5 exf5 40. Be6 R8c7 41. Bxc7 Rxc7 42. Bxf5+ Kxh6 43. Rxc2 Rxc2 44. Nxc2 Bb6 45. Kg2 Nf8 46. Kf3 Kg7 47. Ke4 Kf7 48. d5 Ke7 49. d6+ Kf7 50. Kd5 Bg1 51.
h3 Bh2 52. Na3 Ke8 53. e6 Nxe6 54. Kxe6 Bxd6 55. Kxd6 Kf7 56. Bg4 Kf6 57. Kc5 Ke5 58. Kb5 Kf4 59. Kxa5 Kg3 60. Kb5 Kh4 61. Kc5 Kg3 62. Kd5 Kh4 63. Ke5 Kg3 64. Kf5 Kh4 65. Nc4 Kg3 66. Kxg5 Kf2 67. h4 Kg1 68. h5 Kf2 69. h6 Ke1 70. h7 Kf2 71. h8=Q Kg2 72. Qb2+ Kg3 73. Qc3+ Kg2 74. Qd2+ Kg1 75. Qe1+ Kg2 76.
Ne3+ Kh2 77. Qf2+ 1-0

[Event "*** Titled Tuesday Blitz"]
[Site "Chess.com"]
[Date "2021.03.02"]
[Round "6"]
[White "Smirnov_Pavel"]
[Black "Sibelephant"]
[Result "0-1"]
[WhiteElo "2862"]
[BlackElo "3063"]
[TimeControl "180+1"]
[EndTime "11:08:38 PST"]
[Termination "Sibelephant won on time"]

1. d4 Nf6 2. c4 b6 3. Nc3 Bb7 4.
Qc2 d5 5. cxd5 Nxd5 6. Nf3 e6 7. e4 Nxc3 8. bxc3 c5 9. Bb5+ Bc6 10. Bd3 cxd4 11. cxd4 Bb4+ 12. Bd2 Bxd2+ 13. Qxd2 O-O 14. O-O Nd7 15. Rac1 Bb7 16. Qe3 Nf6 17. Ne5 Qe7 18. Nc6 Bxc6 19. Rxc6 Qd7 20. Rfc1 Rad8 21. d5 exd5 22. e5 Ne4 23. Bxe4 dxe4 24. Qxe4 Qd1+ 25. Qe1 Qxe1+ 26. Rxe1 Rd2 27. a4 Ra2 28. Rc4 Re8 29.
h4 g6 30. g3 Re7 31. Ree4 Kg7 32. Kg2 Rd7 33. Red4 Rxd4 34. Rxd4 Re2 35. Rd7 a5 36. Rd6 Rxe5 37. Rxb6 Re4 38. Ra6 Rxa4 39. Kf3 h5 40. Ke3 Kf8 41. Ra7 Ra1 42. Kf4 Kg7 43. Kf3 Kf6 44.
Kf4 Ra4+ 45. Kf3 Ke6 46. Ra6+ Kf5 47. Ra7 Ra3+ 48. Kg2 f6 49. Ra8 Ra1 50. Ra6 Ke5 51.
Ra8 a4 52. Re8+ Kf5 53. Ra8 a3 54. Ra4 Ke5 55. Kf3 Kd5 56. Ke2 Kc5 57. Ra6 Kb5 58.
Ra8 Kb4 59. Rb8+ Kc3 60. Rc8+ Kb2 61. Rb8+ Ka2 62. Rb6 f5 63. Rxg6 Rb1 64. Kf3 Rb4 0-1

[Event "*** Titled Tuesday Blitz"]
[Site "Chess.com"]
[Date "2021.03.02"]
[Round "6"]
[White "profofchess"]
[Black "chessablanca"]
[Result "1-0"]
[WhiteElo "2482"]
[BlackElo "2588"]
[TimeControl "180+1"]
[EndTime "11:08:44 PST"]
[Termination "profofchess won by resignation"]

1. e4 e5 2. Nf3 Nc6 3. Nc3 Nf6 4. Bb5 Be7 5. O-O d6 6. d4 exd4 7. Nxd4 Bd7 8. Bxc6 bxc6 9. Qf3 c5 10. Nf5 O-O 11.
b3 Ne8 12. Nxe7+ Qxe7 13. Nd5 Qd8 14. Bb2 c6 15. Ne3 Be6 16. Rad1 Qg5 17. Qg3 Qxg3 18. hxg3 f5 19. exf5 Bxf5 20. Nxf5 Rxf5 21. Rfe1 Kf7 22.
Re2 Rd8 23. Rde1 Kf8 24. Re7 Rf7 25. R7e4 Nc7 26. Ra4 Nd5 27. a3 Nb6 28. Rh4 h6 29. a4 Nd5 30. Rhe4 Nb4 31. R1e2 Na6 32. Ba3 Nc7 33. f3 Re8 34. Rxe8+ Nxe8 35. Kf2 Nf6 36.
c4 Rb7 37. Re3 Nd7 38. f4 Nf6 39. Kf3 h5 40. Bb2 Ne8 41. g4 hxg4+ 42. Kxg4 Kf7 43. f5 Rd7 44. Kf4 d5 45. Rd3 d4 46. Rd1 Nd6 47. Re1 Rb7 48. Ba3 Rxb3 49. Bxc5 Nxc4 50. Re7+ Kg8 51. Bxd4 Rb4 52. Rxg7+ Kf8 53. Kg5 Nd6 54.
Bc5 Kxg7 55. Bxb4 c5 56. Bc3+ Kf7 57. Kf4 Ke7 58. g4 Nc4 59. g5 Na3 60. g6 Nb1 61.
Bb2 Nd2 62. f6+ Kf8 63. f7 Nc4 64. Kg5 Nd6 65. Kf6 Ne4+ 66. Ke5 Ng5 67. Bc3 Nf3+ 68. Kd5 Nh4 69. Kxc5 Nxg6 70. Kc6 Kxf7 71. Kb7 Ne5 72. Kxa7 Nc6+ 73. Kb6 Nd8 74. a5 Ke6 75. a6 Kd7 76. a7 Nc6 77. a8=Q Ne7 78. Qb7+ Ke6 79. Qh1 Nd5+ 80. Kc5 Nxc3 81. Qe1+ 1-0

[Event "*** Titled Tuesday Blitz"]
[Site "Chess.com"]
[Date "2021.03.02"]
[Round "6"]
[White "Abund"]
[Black "karinachess1"]
[Result "1-0"]
[WhiteElo "2671"]
[BlackElo "2509"]
[TimeControl "180+1"]
[EndTime "11:08:45 PST"]
[Termination "Abund won by resignation"]

1. e4 c5 2. Nf3 e6 3. g3 d6 4.
Bg2 Nf6 5. Qe2 Nc6 6. O-O Be7 7. c3 e5 8. Na3 O-O 9. d3 Re8 10. Bg5 h6 11. Bxf6 Bxf6 12. Nc4 Be6 13. Ne3 d5 14.
Nd2 d4 15. Nd5 Bxd5 16. exd5 Ne7 17. c4 Nf5 18. a3 a5 19. b4 axb4 20. axb4 cxb4 21.
c5 Ne7 22. d6 Nc6 23. Nc4 g6 24. Nb6 Rb8 25. Rfb1 Bg7 26. Qa2 Rf8 27. Bd5 Qe8 28. Qc4 Kh7 29. d7 Qe7 30. Bxc6 bxc6 31. Ra7 f5 32.
Rc7 e4 33. dxe4 fxe4 34. Rc8 Qf6 35. Qe2 e3 36. fxe3 d3 37. Qd2 Qc3 38. Rd1 b3 39.
Qxd3 Qxd3 40. Rxd3 b2 41. Rb3 Rd8 42. Kf2 h5 43. Ke2 Be5 44. Rxb8 Rxb8 45. Kd3 Rd8 46. Kc2 Kg7 47. e4 g5 48. Rf3 h4 49. Rf5 Bc7 50.
Rxg5+ Kf6 51. Rf5+ Ke6 52. gxh4 Bxb6 53. cxb6 Rxd7 54.
Kxb2 Rb7 55. Kc3 Rxb6 56. h5 Rb8 57. h6 Rh8 58. Rh5 Rh7 59. Kd4 Kd6 60. e5+ Ke6 61. Kc5 Kd7 62. h3 Kc7 63. e6 Kb7 64. Kd6 Kb6 65.
e7 Rh8 66. Kd7 c5 67. e8=Q Rxe8 68. Kxe8 c4 69. h7 1-0

[Event "*** Titled Tuesday Blitz"]
[Site "Chess.com"]
[Date "2021.03.02"]
[Round "6"]
[White "ChessFighter1975"]
[Black "Moon_stone123"]
[Result "0-1"]
[WhiteElo "2340"]
[BlackElo "2506"]
[TimeControl "180+1"]
[EndTime "11:08:47 PST"]
[Termination "Moon_stone123 won by checkmate"]

1. d4 Nf6 2. c4 g6 3. Nc3 Bg7 4. e4 d6 5. Nge2 O-O 6. Ng3 c5 7. d5 e6 8. Be2 exd5 9. exd5 Re8 10. O-O Nbd7 11. Bf4 Ne5 12. Qd2 a6 13. a4 Qc7 14.
h3 Bd7 15. Bh6 Bc8 16. Bxg7 Kxg7 17. f4 Ned7 18. f5 Ne5 19. fxg6 hxg6 20. Qg5 Nh7 21. Qf4 Qe7 22. Kh2 Qg5 23. Qf2 Nf6 24. Nce4 Nxe4 25. Nxe4 Qe7 26. Nf6 Rh8 27. Rae1 Bd7 28. b3 b5 29.
axb5 axb5 30. cxb5 Rab8 31. Kg1 Bxb5 32. Bc4 Bxc4 33. bxc4 Rb4 34. Re4 Rxc4 35. Rxc4 Nxc4 36. Ng4 f5 37. Qc2 fxg4 38. Qxc4 Qe3+ 39. Kh2 gxh3 40. Rf3 hxg2+ 41. Kxg2 Qd2+ 42. Rf2 Qg5+ 43. Kf1 Rh1+ 44. Ke2 Qe5+ 45. Kd3 Rh3+ 46. Kc2 Re3 47. Rd2 Re4 48. Qc3 Qxc3+ 49. Kxc3 Kf6 50. Rf2+ Ke5 51. Rg2 Kxd5 52. Rxg6 Rh4 53. Kd2 Rh3 54. Rg5+ Kc4 55. Rg4+ Kb5 56. Rg5 Kc6 57. Rg6 c4 58. Rg8 Kc5 59. Kc2 d5 60. Rc8+ Kd4 61. Rg8 Rh2+ 62. Kd1 c3 63. Rg4+ Kc5 64.
Rg3 d4 65. Rg8 Kc4 66. Rc8+ Kd3 67. Ke1 Rh1+ 68. Kf2 c2 69. Rxc2 Kxc2 70. Kg2 Re1 71. Kf2 Re8 72. Kf3 d3 73. Kf4 d2 74. Kg3 d1=Q 75. Kh2 Qg4 76. Kh1 Rh8# 0-1

[Event "*** Titled Tuesday Blitz"]
[Site "Chess.com"]
[Date "2021.03.02"]
[Round "6"]
[White "maheswaran26"]
[Black "kleopl"]
[Result "1/2-1/2"]
[WhiteElo "2292"]
[BlackElo "2482"]
[TimeControl "180+1"]
[EndTime "11:08:49 PST"]
[Termination "Game drawn by repetition"]

1. d4 d6 2. Nf3 Bg4 3. e4 e6 4. h3 Bxf3 5. Qxf3 d5 6. Bd3 Nf6 7.
Nd2 Be7 8. O-O O-O 9. c3 a6 10.
Re1 Re8 11. exd5 exd5 12. Nf1 c6 13. Ng3 g6 14. Bg5 Nbd7 15. Re2 Kf8 16. Rae1 Ng8 17.
Bd2 Ndf6 18. h4 Bd6 19. h5 Rxe2 20. Rxe2 Bxg3 21. hxg6 hxg6 22. fxg3 Qd7 23. Bg5 Nh7 24. Bd2 Kg7 25. Bf4 Re8 26. Be5+ f6 27. Bf4 Rxe2 28.
Qxe2 Nf8 29. Bd2 Nh6 30. Bxh6+ Kxh6 31. Qe3+ Kg7 32. Qf4 Ne6 33. Qg4 Nf8 34. Qf4 Qe7 35. Kf2 Ne6 36. Qe3 Kf7 37. g4 Nf8 38. Qxe7+ Kxe7 39. Ke3 g5 40. Bf5 Kd6 41. Kd3 a5 42.
a4 Ne6 43. Bxe6 Kxe6 44. Ke3 b5 45. b3 Kd6 46. Kd3 bxa4 47. bxa4 Ke6 48. Ke3 f5 49. g3 Kf6 50. Kf3 fxg4+ 51. Kxg4 Kg6 52. Kf3 Kf5 53. g4+ Kf6 54. Ke3 Ke6 55. Kd3 Kd6 56. c4 c5 57.
Kc3 Kc6 58. dxc5 Kxc5 59. cxd5 Kxd5 60. Kd3 Ke5 61. Ke3 Kd5 62. Kd3 Ke5 63. Ke3 Kd5 64. Kd3 1/2-1/2

[Event "*** Titled Tuesday Blitz"]
[Site "Chess.com"]
[Date "2021.03.02"]
[Round "6"]
[White "LawrenceTrent"]
[Black "Schachspielerr"]
[Result "1-0"]
[WhiteElo "2561"]
[BlackElo "2699"]
[TimeControl "180+1"]
[EndTime "11:08:56 PST"]
[Termination "LawrenceTrent won by checkmate"]

1. d4 Nf6 2. Nc3 d5 3. Bf4 a6 4. e3 c5 5. dxc5 Nc6 6. Nf3 Bg4 7. Be2 e6 8. Na4 Bxc5 9. Nxc5 Qa5+ 10. c3 Qxc5 11.
Ne5 Bxe2 12. Qxe2 O-O 13. O-O Rac8 14. Rad1 Rfd8 15. Bg3 b5 16. Nd3 Qc4 17. f3 Qxa2 18.
Ra1 Qc4 19. Rxa6 b4 20. Raa1 bxc3 21. bxc3 Qxc3 22. Rfc1 Qb3 23. Nc5 Qb4 24. Be1 Qb8 25. Rab1 Qa7 26. Nb7 Rd7 27. Qb5 Rdc7 28. Bg3 Qxe3+ 29.
Bf2 Qf4 30. Bg3 Qd4+ 31. Kh1 e5 32. Bf2 Qxf2 33. Nd6 h5 34. Nxc8 Rxc8 35. Rxc6 Rd8 36. Rb6 Kh7 37. Rb8 Rxb8 38. Qxb8 e4 39. Qf4 e3 40. Qf5+ Kh6 41. Qf4+ Kg6 42. h4 e2 43. Qg5+ Kh7 44. Qd2 d4 45. Re1 Qf1+ 46. Kh2 Qf2 47.
Rxe2 Qxh4+ 48. Kg1 g6 49. Qd3 Kg7 50. Qd1 Qg5 51. Rd2 h4 52. Rxd4 h3 53. g4 Qe5 54.
Rd2 Qg3+ 55. Kh1 Qf4 56. Rc2 Qe3 57. Qf1 Nd5 58. Re2 Qf4 59. Qxh3 Nc3 60. Rf2 Qc1+ 61.
Qf1 Nd1 62. Rg2 Qb1 63. Rg1 Qb8 64. Qxd1 Qh8+ 65. Kg2 Qh4 66. Kf1 Qh3+ 67. Ke1 Qh2 68. Rf1 Qe5+ 69. Qe2 Qc3+ 70. Kf2 Qc7 71. Kg2 Qd7 72. Re1 Qa4 73. Qe4 Qa2+ 74. Re2 Qa3 75. g5 Kh7 76. Qh4+ Kg8 77. Re8+ Kg7 78. Qh8# 1-0

[Event "*** Titled Tuesday Blitz"]
[Site "Chess.com"]
[Date "2021.03.02"]
[Round "6"]
[White "MateusViageiro"]
[Black "Oligan22"]
[Result "1-0"]
[WhiteElo "2366"]
[BlackElo "2518"]
[TimeControl "180+1"]
[EndTime "11:08:57 PST"]
[Termination "MateusViageiro won by checkmate"]

1. e4 c6 2. d4 d5 3. Nc3 dxe4 4. Nxe4 Nf6 5. Nxf6+ exf6 6. c3 Bd6 7. Bd3 O-O 8. Qc2 Re8+ 9. Ne2 h5 10. O-O Nd7 11. Be3 h4 12. h3 Nf8 13. Rae1 Be6 14. Nf4 Bc7 15. Nxe6 Rxe6 16. f4 Qd6 17. Bf5 Re7 18. Bc1 g6 19. Bd3 Rae8 20. Rxe7 Qxe7 21. Qf2 f5 22.
Bd2 Ne6 23. Bc4 Kg7 24. Re1 Qf6 25. Be3 Nxf4 26. d5 Nxh3+ 27. gxh3 Bg3 28. Bd4 Bxf2+ 29. Kxf2 Qxd4+ 30. cxd4 Rd8 31. dxc6 bxc6 32. Re7 Rxd4 33. Bb3 Rd2+ 34. Ke3 Rxb2 35. Rxf7+ Kh6 36. Rb7 Rh2 37. Rxa7 Rxh3+ 38. Kf2 Kg5 39. Rc7 Rc3 40. Rg7 h3 41. Rh7 Kf4 42. Rh4+ Kg5 43. Rh8 Kg4 44. Bd1+ Kf4 45.
Rh4+ Kg5 46. Rh8 c5 47. a4 Kf4 48. a5 Ra3 49. Rh4+ Kg5 50. Rh8 Ra2+ 51. Kg3 Ra3+ 52.
Kf2 Kf4 53. Rh4+ Kg5 54. Ra4 Rd3 55. Bf3 Rd7 56. a6 Ra7 57. Bb7 Kh5 58. Kg3 g5 59. Kxh3 g4+ 60. Kg3 Kg5 61. Rf4 Kg6 62. Rc4 Kg5 63.
Rxc5 Kf6 64. Kf4 Kg6 65. Rxf5 Kh6 66. Rg5 Kh7 67. Rxg4 Kh6 68. Kf5 Kh7 69. Kf6 Kh6 70.
Rh4# 1-0

[Event "*** Titled Tuesday Blitz"]
[Site "Chess.com"]
[Date "2021.03.02"]
[Round "6"]
[White "esteban062000"]
[Black "Chimpinha"]
[Result "0-1"]
[WhiteElo "2164"]
[BlackElo "2410"]
[TimeControl "180+1"]
[EndTime "11:08:58 PST"]
[Termination "Chimpinha won by resignation"]

1. Nf3 Nf6 2. c4 g6 3. b4 Bg7 4. Bb2 O-O 5. g3 d6 6. Bg2 e5 7. O-O a6 8. a4 Nc6 9. b5 Ne7 10. d3 h6 11. Nc3 Be6 12. Nd2 Qc8 13. Re1 Bh3 14. Bh1 Ng4 15. Nf3 f5 16. Qb3 Kh8 17. e3 axb5 18. axb5 Rxa1 19. Rxa1 f4 20. exf4 exf4 21.
Ne4 Nf5 22. Bxg7+ Kxg7 23. Qb2+ Kg8 24. Bg2 Bxg2 25. Kxg2 Qe6 26. Re1 Qf7 27. Nfd2 fxg3 28. hxg3 Ne5 29. Qc3 h5 30. f4 Ng4 31. Ng5 Qf6 32. Qxf6 Nxf6 33. Nde4 Nxe4 34. Rxe4 Ra8 35. Re6 Kg7 36. Re2 Ra3 37. Ne6+ Kf6 38. Nxc7 Rxd3 39. Nd5+ Kg7 40. Nb4 Rxg3+ 41. Kf2 Rc3 42. Re4 h4 43.
Nd5 Rc2+ 44. Ke1 h3 45. Re2 Rxc4 46. Ne3 Rc1+ 47. Kf2 Rc3 48. Nxf5+ gxf5 49. Re7+ Kf6 50. Rh7 Rb3 51. Rh6+ Ke7 52. Rh7+ Ke6 53. Rh6+ Kd5 54. b6 Kc6 55. Rh5 Kxb6 56. Kg1 Rf3 57. Rxf5 Kc6 58.
Kh2 b5 59. Rf8 b4 60. Rc8+ Kd7 61. Rb8 b3 62. Rb7+ Ke6 63. Rb5 d5 64. Rb6+ Kf5 65. Rb4 Rc3 66. Rb5 Ke4 67. Rb4+ d4 68. f5 Kxf5 69.
Rxd4 Ke5 70. Rb4 Kd5 71. Rb8 Kc4 72. Rc8+ Kd3 73. Rd8+ Kc2 74. Rb8 b2 0-1

[Event "*** Titled Tuesday Blitz"]
[Site "Chess.com"]
[Date "2021.03.02"]
[Round "6"]
[White "Anton_Demchenko"]
[Black "fearless_guy"]
[Result "0-1"]
[WhiteElo "2914"]
[BlackElo "2836"]
[TimeControl "180+1"]
[EndTime "11:08:59 PST"]
[Termination "fearless_guy won by resignation"]

1. e4 e6 2. d4 d5 3. Nd2 c5 4. exd5 Qxd5 5. dxc5 Nf6 6. Ngf3 Qxc5 7. Bd3 Bd6 8. O-O Nbd7 9. a4 b6 10. a5 Bb7 11. Nc4 Bc7 12. h3 O-O 13. Be3 Qd5 14.
Be2 b5 15. Ncd2 a6 16. c4 bxc4 17. Nxc4 Rfd8 18. Qb3 Bc6 19. Rfd1 Qb5 20. Qxb5 Bxb5 21. Kf1 Nd5 22. Bd2 Rab8 23. g3 Nc5 24. Be1 f6 25.
Nd4 Ba4 26. Rdc1 Bd7 27. Nd2 Bd6 28. Nc4 Be7 29. Bf3 Be8 30. Rd1 Kf7 31. Rac1 Nb3 32. Nxb3 Rxb3 33. Rc2 Rxf3 34. Rcd2 Bb5 35. Kg2 Rb3 36.
Nb6 Nxb6 37. axb6 Rxd2 38. Bxd2 Bc6+ 39. Kg1 Rxb6 40. Rc1 Bd5 41. Bc3 Bb4 42. Bd4 Rc6 43. Ra1 a5 44. g4 e5 45. Be3 Ke6 46. Kh2 Rc2 47. Rb1 g5 48. Kg3 Bc5 49. Bxc5 Rxc5 50. Ra1 Rb5 51. h4 Rb3+ 52. Kh2 gxh4 53. Rxa5 Rxb2 54.
Kh3 Rxf2 55. Ra6+ Kf7 56. Kxh4 Kg6 57. Ra7 Rf4 58. Kg3 Be6 59. g5 Kxg5 60. Rxh7 Rg4+ 61.
Kf3 Bd5+ 62. Ke3 Rg3+ 63. Kf2 Rf3+ 64. Ke2 Kf5 65. Rh5+ Ke6 66. Rh4 Rb3 67. Ra4 e4 68.
Ra7 f5 69. Rh7 Ke5 70. Rd7 Bc4+ 71. Kd2 Rd3+ 72. Rxd3 Bxd3 73. Ke1 e3 0-1

[Event "*** Titled Tuesday Blitz"]
[Site "Chess.com"]
[Date "2021.03.02"]
[Round "6"]
[White "Chernov_Mikhail"]
[Black "alejogarcia1999"]
[Result "1-0"]
[WhiteElo "2364"]
[BlackElo "2522"]
[TimeControl "180+1"]
[EndTime "11:09:00 PST"]
[Termination "Chernov_Mikhail won on time"]

1. e4 c5 2. Nf3 e6 3. d4 cxd4 4. Nxd4 Nc6 5. Be2 Nf6 6. Nc3 Bb4 7. O-O O-O 8. Be3 d5 9. exd5 Nxd5 10. Nxd5 exd5 11.
Bd3 Qh4 12. Nf3 Qh5 13. h3 Be6 14. Ng5 Qxd1 15. Bxh7+ Kh8 16. Raxd1 Ne5 17. c3 Be7 18. Bb1 Nc4 19. Nxe6 fxe6 20. Bc1 Bc5 21. b3 Nd6 22. Be3 Bxe3 23. fxe3 Rxf1+ 24. Rxf1 Rc8 25. Kh2 Kg8 26. Rc1 Nb5 27. c4 Na3 28. Bd3 a5 29. Kg3 Rc5 30.
Kf4 b5 31. e4 dxc4 32. bxc4 Kf7 33. Ke3 bxc4 34. Kd4 Rc7 35. Bxc4 Kf6 36. Rf1+ Kg5 37. Bd3 Rd7+ 38. Ke3 a4 39. Rc1 Rb7 40. Rc3 Nb1 41. Rc5+ Kf6 42. Ra5 Nc3 43. e5+ Ke7 44. Kd2 Nxa2 45.
Rxa4 Nb4 46. Be4 Rd7+ 47. Kc3 Nd5+ 48. Bxd5 Rxd5 49. Ra7+ Kf8 50. Ra8+ Kf7 51. Ra7+ Kg6 52. Ra6 Kf5 53. Ra7 g5 54. Rf7+ Kxe5 55. Rg7 Ke4 56.
Kc4 Rf5 57. Rg8 Kf4 58. g4 Rf7 59. Kd4 e5+ 60. Kd3 Kf3 61. Re8 Rd7+ 62. Kc2 e4 63.
Re5 e3 64. Rxg5 e2 65. Re5 Rd4 66. g5 Kf2 67. g6 e1=Q 68. Rf5+ Kg2 69. Rg5+ Kxh3 70.
g7 1-0

[Event "*** Titled Tuesday Blitz"]
[Site "Chess.com"]
[Date "2021.03.02"]
[Round "6"]
[White "C_K_G"]
[Black "Taktikmonster"]
[Result "0-1"]
[WhiteElo "2011"]
[BlackElo "2375"]
[TimeControl "180+1"]
[EndTime "11:09:02 PST"]
[Termination "Taktikmonster won on time"]

1. e4 c5 2. Nf3 d6 3. c3 Nf6 4. Bd3 Bg4 5. Bc2 Nc6 6. O-O Ne5 7. Ba4+ Bd7 8. Nxe5 dxe5 9. d4 exd4 10. cxd4 Nxe4 11. Re1 Nf6 12. dxc5 e6 13. Nc3 Bxc5 14. Be3 Bxe3 15.
Rxe3 O-O 16. Bxd7 Qxd7 17. Qe2 Rfd8 18. h3 Qd2 19. Qb5 Nd5 20. Nxd5 Qxd5 21. Qe2 h6 22.
Rg3 Rac8 23. b3 Qd2 24. Qe5 g6 25. Re1 Rc1 26. Rxc1 Qxc1+ 27. Kh2 Rd1 28. Rc3 Rh1+ 29.
Kg3 Qg5+ 30. Qxg5 hxg5 31. Rc7 Ra1 32. a4 b6 33. Rxa7 Ra3 34. Rb7 Rxb3+ 35. f3 Rb4 36. Ra7 Kg7 37. Ra8 Kf6 38. Ra6 Kf5 39. Ra7 f6 40. Ra8 e5 41. Ra7 b5 42. a5 Ra4 43. a6 b4 44. Rb7 Rxa6 45. Rxb4 Ra3 46.
Rb5 Ra4 47. Rb6 Ra3 48. Rb7 Ra6 49. Rb5 Ke6 50. Rb4 f5 51. Rb3 Kf6 52. Kh2 Re6 53. Rc3 f4 54. Re3 Kf5 55. Re4 Rd6 56.
h4 gxh4 57. Kh3 g5 58. Re2 Rd4 59. Kh2 e4 60. Re1 e3 61. Rc1 e2 62. Re1 Rd2 63. Kg1 Ke5 64. Kf2 Kd4 65. Ra1 e1=Q+ 66. Kxe1 Rxg2 67.
Ra5 h3 68. Ra7 h2 69. Rh7 Rg1+ 0-1